 Dungeon Crawl Stone Soup version 0.25-a0-890-g62861fb195 (webtiles) character file.

Game seed: 6825051471999630548, levelgen mode: classic

23 Amnesiac the Chiller (level 2, -3/15 HPs)
             Began as a Deep Elf Ice Elementalist on May 3, 2020.
             Slain by a shadow imp (5 damage)
             ... on level 4 of the Dungeon.
             The game lasted 00:03:01 (1032 turns).

Amnesiac the Chiller (Deep Elf Ice Elementalist)    Turns: 1032, Time: 00:03:01

Health: -3/15      AC:  2    Str:  5    XL:     2   Next: 72%
Magic:  0/8        EV: 13    Int: 19    God:
Gold:   123        SH:  0    Dex: 15    Spells: 6/7 levels left

rFire    . . .     SeeInvis .   e - +0 dagger
rCold    . . .     Gourm    .   (no shield)
rNeg     . . .     Faith    .   a - +0 robe
rPois    .         Spirit   +   (no helmet)
rElec    .         Reflect  .   o - scarf {Spirit}
rCorr    .         Harm     .   (no gloves)
MR       .....                  (no boots)
Stlth    +.........             n - amulet of guardian spirit
HPRegen  0.05/turn              k - ring of attention (curse)
MPRegen  0.11/turn              (no ring)

@: brilliant
A: no striking features
a: no special abilities


You were on level 4 of the Dungeon.
You were not hungry.

You visited 1 branch of the dungeon, and saw 4 of its levels.

You collected 123 gold pieces.

Inventory:

Hand Weapons
 e - a +0 dagger (weapon)
Missiles
 d - 29 stones (quivered)
 f - 18 poisoned darts
 j - 6 atropa-tipped darts
Armour
 a - a +0 robe (worn)
 o - a scarf of spirit shield (worn)
Jewellery
 k - a cursed ring of attention (left hand)
 n - an amulet of guardian spirit (around neck)
Scrolls
 b - a scroll of magic mapping {!r, unknown}
 i - a scroll of identify {!r, unknown}
 p - a scroll of noise {!r, unknown}
 q - a scroll of teleportation {!r, unknown}
Comestibles
 c - 4 rations
 l - a chunk of flesh


   Skills:
 - Level 2.4 Dodging
 - Level 3.0 Stealth
 + Level 3.4 Spellcasting
 * Level 4.9 Ice Magic


You had 6 spell levels left.
You knew the following spells:

 Your Spells              Type           Power        Failure   Level  Hunger
a - Freeze                Ice            ####         1%          1    None

Your spell library contained the following spells:

 Spells                   Type           Power        Failure   Level  Hunger
 Frozen Ramparts          Ice            ####..       6%          3    None
 Ozocubu's Armour         Chrm/Ice       ###.....     16%         3    None
 Hailstorm                Conj/Ice       ###.....     45%         4    None
 Summon Ice Beast         Ice/Summ       ###.....     45%         4    None


Dungeon Overview and Level Annotations

Branches:
Dungeon (4/15)
 Temple: D:4-7

Altars:
Dithmenos

Annotations:
D:4 exclusion: scorpion


Message History

Aiming: Freeze (safe; 1% risk of failure)
Press: ? - help, Shift-Dir - straight line, f/p - shadow imp
Aim: a shadow imp (moderately wounded)
You feel a surge of power!
The shadow imp resists.
You freeze the shadow imp.
The shadow imp is heavily wounded.
The shadow imp hits you.
Casting: Freeze (safe; 1% risk of failure)
Confirm with . or Enter, or press ? or * to list all spells.
You don't know that spell.
Casting: Freeze (safe; 1% risk of failure)
Confirm with . or Enter, or press ? or * to list all spells.
Okay, then.
Casting: Freeze (safe; 1% risk of failure)
Confirm with . or Enter, or press ? or * to list all spells.
Aiming: Freeze (safe; 1% risk of failure)
Press: ? - help, Shift-Dir - straight line, f/p - shadow imp
Aim: a shadow imp (heavily wounded)
You feel a surge of power!
The shadow imp completely resists.
You freeze the shadow imp but do no damage.
The shadow imp barely misses you.
Casting: Freeze (safe; 1% risk of failure)
Confirm with . or Enter, or press ? or * to list all spells.
Aiming: Freeze (safe; 1% risk of failure)
Press: ? - help, Shift-Dir - straight line, f/p - shadow imp
Aim: a shadow imp (heavily wounded)
You feel a surge of power!
The shadow imp completely resists.
You freeze the shadow imp but do no damage.
The shadow imp hits you.
Casting: Freeze (safe; 1% risk of failure)
Confirm with . or Enter, or press ? or * to list all spells.
Aiming: Freeze (safe; 1% risk of failure)
Press: ? - help, Shift-Dir - straight line, f/p - shadow imp
Aim: a shadow imp (heavily wounded)
You feel a surge of power!
The shadow imp resists.
You freeze the shadow imp.
The shadow imp is heavily wounded.
The shadow imp barely misses you.
Casting: Freeze (safe; 1% risk of failure)
Confirm with . or Enter, or press ? or * to list all spells.
Aiming: Freeze (safe; 1% risk of failure)
Press: ? - help, Shift-Dir - straight line, f/p - shadow imp
Aim: a shadow imp (heavily wounded)
You feel a surge of power!
The shadow imp completely resists.
You freeze the shadow imp but do no damage.
The shadow imp gestures at you. Pain shoots through your body!
* * * LOW HITPOINT WARNING * * *
Casting: Freeze (safe; 1% risk of failure)
Confirm with . or Enter, or press ? or * to list all spells.
You don't have enough magic to cast that spell.
Casting: Freeze (safe; 1% risk of failure)
Confirm with . or Enter, or press ? or * to list all spells.
You don't have enough magic to cast that spell.
You barely miss the shadow imp.
The shadow imp is heavily wounded.
The shadow imp puffs mist at you. The shadow imp barely misses you.
You hit the shadow imp but do no damage.
The shadow imp is heavily wounded.
The shadow imp hits you.
* * * LOW HITPOINT WARNING * * *
You barely miss the shadow imp.
The shadow imp is heavily wounded.
The shadow imp hits you.
You die...

#.##..# ##.###.##
####.##..# ##.#.##
##........######.########
##.#..........##........(
##.#..###.###.##.###.####
...#..# #.###.##.# ...#
...#..###.#.."##.# #.[§#
..............##.###§...§#
.#.......#.#..##@##§§...§.#
.###.###......##5#§§§§.§§§§
s# #.# #.#.#..##...§§§§..§§
.# #.# #......##..§..§_....
#.# #.#.##.##...§...§§§. #.
..>.##.####§§§l§§§§§ ..#...
.# ##§§§§§§§# ##§§.§§#
#§..##


You could see a shadow imp.

Vanquished Creatures
  A leopard gecko (D:4)
  A giant cockroach (D:4)
  2 goblins
  2 hobgoblins
  3 jackals (D:1)
  2 kobolds (D:1)
  2 bats
  A frilled lizard (D:4)
  7 rats
21 creatures vanquished.

Notes
Turn   | Place    | Note
-------+----------+-------------------------------------------
     0 | D:1      | Amnesiac the Deep Elf Ice Elementalist began the quest for
                  | the Orb.
     0 | D:1      | Reached XP level 1. HP: 10/10 MP: 6/6
   151 | D:1      | Reached XP level 2. HP: 12/15 MP: 2/8
   444 | D:4      | Noticed a phantom
   841 | D:4      | Noticed a scorpion
   998 | D:4      | Found a shadowy altar of Dithmenos.
  1032 | D:4      | Slain by a shadow imp

Levels and vault maps discovered:
D:1:      dpeg_arrival_brainrot, layout_basic, minmay_unequal
D:2:      layout_basic, first_ration, uniq_crazy_yiuf_cottage
D:3:      layout_basic
D:4:      layout_loops_ring, overflow_temple_1_default, serial_glass,
          glass_columns_b, glass_columns_a, minivault_11, abandoned_shop,
          nicolae_dithmenos_the_darkroom

Skill      XL: |  1  2 |
---------------+-------+-----
Stealth        | 3 |  3.0
Dodging        | |  2.4
Spellcasting   | |  3.4
Ice Magic      | |  4.9

Action                   || total
-------------------------++-------
Melee: Dagger            ||    10
 Cast: Freeze            ||    33
  Use: Potion            ||     3
 Stab: Sleeping          ||     1
Armor: Robe              ||     3
Dodge: Dodged            ||    25

Table legend:
 A = Non-vault XP
 B = Vault XP
 C = Vault XP percentage of total XP
 D = Non-vault monster count
 E = Vault monster count
 F = Vault count percentage of total count
                 A         B        C        D         E       F
            +---------+---------+-------+---------+---------+-------
      Total |      33 |       0 |   0.0 |      21 |       0 |   0.0
            +---------+---------+-------+---------+---------+-------
        D:1 |      17 |       0 |   0.0 |      11 |       0 |   0.0
        D:2 |       8 |       0 |   0.0 |       5 |       0 |   0.0
        D:3 |       2 |       0 |   0.0 |       2 |       0 |   0.0
        D:4 |       6 |       0 |   0.0 |       3 |       0 |   0.0
            +---------+---------+-------+---------+---------+-------
